 Dungeon Sprint DCSS version 0.26-a0-660-gc07710193c (webtiles) character file.

Game seed: 7595857808429100022

1556 rocky1 the Transmogrifier (level 8, -3/48 HPs)
             Began as an Octopode Transmuter on Oct 8, 2020.
             Was the Champion of Cheibriados.
             Slain by a death yak (28 damage)
             ... in the Dungeon (Sprint VII: "The Pits").
             The game lasted 00:08:20 (503 turns).

rocky1 the Transmogrifier (Octopode Transmuter)      Turns: 503, Time: 00:08:20

Health: -3/48      AC:  4    Str: 24    XL:     8   Next: 88%
Magic:  15/20      EV: 23    Int: 36    God:    Cheibriados [******]
Gold:   0          SH:  0    Dex: 27    Spells: 8/23 levels left

rFire    . . .     SeeInvis .     - Unarmed
rCold    . . .     Faith    .   (shield currently unavailable)
rNeg     . . .     Spirit   .   (helmet restricted)
rPois    .         Reflect  .   (no amulet)
rElec    .         Harm     .   k - +3 ring of intelligence
rCorr    .         Rampage  .   l - +3 ring of protection
MR       .....     NoTele   +   (no ring)
Stlth    ++........             (no ring)
HPRegen  0.16/turn              (no ring)
MPRegen  0.17/turn              (no ring)
                                (no ring)
                                (no ring)

@: liquid flames, blade tentacles, glowing, very slow
A: almost no armour, stealthy swim, amphibious, 8 rings, constrict 8, camouflage
1, gelatinous body 1
a: End Transformation, Bend Time, Temporal Distortion, Slouch, Step From Time,
Renounce Religion


You were in the Dungeon.
You worshipped Cheibriados.
Cheibriados was exalted by your worship.
You had blades for tentacles.
You visited 1 branch

Inventory:

Jewellery
 k - a +3 ring of intelligence (left scythe-like blade)
 l - a +3 ring of protection (right scythe-like blade)
Scrolls
 g - a scroll of blinking
 h - 3 scrolls of remove curse
 i - 5 scrolls of amnesia
 j - a scroll of summoning
Potions
 a - a potion of invisibility
 b - 7 potions of curing
 c - 8 potions of heal wounds
 d - 4 potions of haste
 e - 4 potions of magic
 f - 3 potions of berserk rage
 m - a potion of might
 n - a potion of resistance
 o - a potion of brilliance


   Skills:
 - Level 1.0 Fighting
 + Level 9.0 Dodging
 + Level 9.3 Unarmed Combat
 + Level 8.1 Spellcasting
 + Level 10.9 Transmutations
 + Level 6.3 Invocations


You had 8 spell levels left.
You knew the following spells:

 Your Spells              Type           Power        Failure   Level
a - Beastly Appendage     Tmut           ######       4%          1
b - Wereblood             Tmut           #######.     5%          2
c - Blade Hands           Tmut           #######...   14%         5
d - Ice Form              Ice/Tmut       ######..     26%         4
e - Spider Form           Tmut/Pois      ######....   14%         3

Your spell library contained the following spells:

 Spells                   Type           Power        Failure   Level


Dungeon Overview and Level Annotations

Branches:
Dungeon (1/1)

Altars:
Ashenzari
Cheibriados
Dithmenos
Elyvilon
Fedhas
Gozag
Hepliaklqana
Kikubaaqudgha
Makhleb
Nemelex Xobeh
Okawaru
Qazlal
Ru
Sif Muna
Trog
Uskayaw
Vehumet
Wu Jian
Xom
Yredelemnul
Zin
The Shining One
Beogh
Jiyva
Lugonu


Innate Abilities, Weirdness & Mutations

You cannot wear most types of armour.
You are very stealthy in the water. (Stealth+)
You are amphibious.
You can wear up to eight rings at the same time.
You can use your tentacles to constrict eight enemies at once.
Your skin changes colour to match your surroundings (Stealth+).
Your rubbery body absorbs attacks. (AC +1, EV +1)


Message History

There is a huge open gate here.
A smoke demon comes into view.
The death yak bellows!
The smoke demon roars!
Casting: Blade Hands (dangerous; 1% risk of failure)
Confirm with . or Enter, or press ? or * to list all spells.
Your tentacles turn into razor-sharp scythe blades.
The smoke demon gestures at you. The sticky flame hits you.
You are covered in liquid flames!
You are covered in liquid flames!
The death yak closely misses you. The death yak gores you.
You hit the death yak.
The death yak is lightly wounded.
You are covered in liquid flames!
The smoke demon gestures at you. The sticky flame hits you!
You are covered in liquid flames!
The death yak gores you!!
Ouch! That really hurt!
You die...

#####++##########
............##..#
..#..#......##..#
............''..#
............''..########
..#..#......##..@Y......
............##...3......
#####++#################
...# ...# ...# ...# ...#
...#


You could see a death yak and a smoke demon.

Vanquished Creatures
  A merfolk avatar (D)
  Prince Ribbit (D)
  A water moccasin (D)
  A floating eye (D)
  2 centaurs (D)
  A big kobold (D)
  A scorpion (D)
  A killer bee (D)
  A jelly (D)
  2 hounds (D)
  Ijyb (D)
  A gnoll (D)
  An adder (D)
  An orc (D)
  A ball python (D)
  A bat (D)
  A giant cockroach (D)
  3 goblins (D)
  4 jackals (D)
  A quokka (D)
27 creatures vanquished.

Notes
Turn   | Place    | Note
-------+----------+-------------------------------------------
     0 | D        | rocky1 the Octopode Transmuter began the quest for the Orb.
     0 | D        | Reached XP level 1. HP: 13/13 MP: 3/3
    11 | D        | Noticed a floating eye
    18 | D        | Killed a floating eye
    18 | D        | Reached skill level 5 in Transmutations
    18 | D        | Reached XP level 2. HP: 18/18 MP: 2/7
    18 | D        | Reached XP level 3. HP: 23/23 MP: 2/8
    18 | D        | Reached XP level 4. HP: 28/28 MP: 2/10
    23 | D        | Found a bloodstained altar of Trog.
    23 | D        | Found a shimmering blue altar of Sif Muna.
    23 | D        | Found a viscous altar of Jiyva.
    23 | D        | Found a hazy altar of Hepliaklqana.
    23 | D        | Found an opulent altar of Gozag.
    24 | D        | Found a glowing golden altar of the Shining One.
    24 | D        | Found a glowing silver altar of Zin.
    24 | D        | Found a basalt altar of Yredelemnul.
    24 | D        | Found a shimmering altar of Xom.
    24 | D        | Found an ornate altar of the Wu Jian Council.
    24 | D        | Found a sacrificial altar of Ru.
    24 | D        | Found a stormy altar of Qazlal.
    24 | D        | Found an iron altar of Okawaru.
    24 | D        | Found a sparkling altar of Nemelex Xobeh.
    24 | D        | Found a burning altar of Makhleb.
    24 | D        | Found a blossoming altar of Fedhas.
    24 | D        | Found a white marble altar of Elyvilon.
    24 | D        | Found a shadowy altar of Dithmenos.
    24 | D        | Found a snail-covered altar of Cheibriados.
    27 | D        | Found a corrupted altar of Lugonu.
    27 | D        | Found a radiant altar of Vehumet.
    27 | D        | Found a roughly hewn altar of Beogh.
    28 | D        | Found an ancient bone altar of Kikubaaqudgha.
    28 | D        | Found a hide-covered altar of Uskayaw.
    28 | D        | Found a broken altar of Ashenzari.
    37 | D        | Became a worshipper of Cheibriados the Contemplative
    80 | D        | Reached * piety under Cheibriados
    80 | D        | Reached skill level 6 in Transmutations
    82 | D        | Reached skill level 5 in Unarmed Combat
    84 | D        | Reached ** piety under Cheibriados
    96 | D        | Reached *** piety under Cheibriados
    96 | D        | Reached XP level 5. HP: 33/33 MP: 11/11
   110 | D        | Learned a level 2 spell: Wereblood
   116 | D        | Learned a level 5 spell: Blade Hands
   121 | D        | Learned a level 4 spell: Ice Form
   134 | D        | Reached **** piety under Cheibriados
   193 | D        | Noticed Prince Ribbit
   194 | D        | Noticed Ijyb
   201 | D        | Killed Prince Ribbit
   201 | D        | Reached ***** piety under Cheibriados
   201 | D        | Reached skill level 5 in Spellcasting
   201 | D        | Reached skill level 8 in Transmutations
   201 | D        | Reached XP level 6. HP: 26/38 MP: 10/14
   203 | D        | Reached skill level 9 in Transmutations
   206 | D        | Killed Ijyb
   288 | D        | Learned a level 3 spell: Spider Form
   304 | D        | Reached skill level 1 in Invocations
   304 | D        | Reached XP level 7. HP: 43/43 MP: 13/16
   305 | D        | Reached ****** piety under Cheibriados
   379 | D        | Reached skill level 10 in Transmutations
   392 | D        | Noticed a merfolk avatar
   400 | D        | Killed a merfolk avatar
   400 | D        | Reached XP level 8. HP: 48/48 MP: 17/20
   498 | D        | Noticed a death yak
   499 | D        | Noticed a smoke demon
   503 | D        | Slain by a death yak

Illustrated notes

Levels and vault maps discovered:
D:        pitsprint [storerooms_1, entrance_room_1, metal_vault_4, armoury_2,
          mini_pit_1, grid_room_1, main_hall_1, silver_pit, the_coven_3,
          the_vestibule_1, steel_vault_2, golden_pit, hallway_of_sentries,
          crystal_vault_4, iron_vault_2, final_vault]

Skill      XL: |  1  2  3  4  5  6  7  8 |
---------------+-------------------------+-----
Dodging        | 4 6 8 9 |  9.0
Unarmed Combat | 4 5 6 7 9 |  9.3
Spellcasting   | 4 5 6 8 |  8.1
Transmutations | 5 6 8 9 10 | 10.9
Invocations    | 1 6 |  6.3
Fighting       | |  1.0

Action                   |  1- 3 |  4- 6 |  7- 9 || total
-------------------------+-------+-------+-------++-------
Melee: Unarmed           |     5 |    29 |    24 ||    58
       Constrict         |     1 |    11 |     4 ||    16
       Tentacles         |     1 |     7 |     7 ||    15
       Kick              |       |    12 |     3 ||    15
       Punch             |       |     3 |     1 ||     4
 Cast: Beastly Appendage |     1 |     4 |     1 ||     6
       Blade Hands       |       |       |     2 ||     2
  Use: Potion            |       |     1 |       ||     1
 Stab: Invisible         |       |     3 |       ||     3
       Sleeping          |       |     1 |     1 ||     2
Dodge: Dodged            |       |    27 |    24 ||    51

Table legend: (Time is in decaauts)
 A = Elapsed time spent in this place.
 B = Non-inter-level travel time spent in this place.
 C = Inter-level travel time spent in this place.
 D = Time resting spent in this place.
 E = Time spent auto-exploring this place.
 F = Levels seen in this place.
 G = Mean time per level.
                   A        B        C        D        E       F      G
               +--------+--------+--------+--------+--------+-----+--------+
         Total |    691 |    691 |      0 |    115 |      0 |   1 |  691.0 |
       Dungeon |    691 |    691 |      0 |    115 |      0 |   1 |  691.0 |
               +--------+--------+--------+--------+--------+-----+--------+

Top non-repeatable levels by time:
       D: 691 daAuts
